 Dungeon Crawl Stone Soup version 0.26-a0-852-g6321bf7485 (webtiles) character file.

Game seed: 792129254667484070

50 sahdkjhfkaj the Caller (level 3, -4/22 HPs)
             Began as a Deep Elf Summoner on Nov 21, 2020.
             Slain by a gnoll
             ... wielding a cursed -1 halberd
              (12 damage)
             ... on level 3 of the Dungeon.
             The game lasted 00:08:09 (3807 turns).

sahdkjhfkaj the Caller (Deep Elf Summoner)          Turns: 3807, Time: 00:08:09

Health: -4/22      AC:  2    Str:  5    XL:     3   Next: 55%
Magic:  4/9        EV: 13    Int: 20    God:
Gold:   66         SH:  0    Dex: 21    Spells: 5/8 levels left

rFire    . . .     SeeInvis .   a - +1 dagger (venom)
rCold    . . .     Faith    .   (no shield)
rNeg     . . .     Spirit   .   f - +0 robe
rPois    .         Reflect  .   (no helmet)
rElec    .         Harm     .   (no cloak)
rCorr    +         Rampage  .   (no gloves)
MR       .....                  (no boots)
Stlth    +++.......             (no amulet)
HPRegen  0.07/turn              b - ring of resist corrosion
MPRegen  0.11/turn              g - +6 ring of dexterity

@: no status effects
A: no striking features
a: no special abilities


You were on level 3 of the Dungeon.
You visited 1 branch of the dungeon, and saw 3 of its levels.

You collected 66 gold pieces.

Inventory:

Hand Weapons
 a - a +1 dagger of venom (weapon)
Armour
 f - a +0 robe (worn)
Jewellery
 b - a ring of resist corrosion (left hand)
 g - a +6 ring of dexterity (right hand)
Wands
 n - a wand of enslavement (2)
Scrolls
 c - a scroll of enchant weapon {unknown}
 j - a scroll of remove curse
 k - a scroll of immolation {unknown}
 l - a scroll of amnesia {unknown}
Potions
 d - a potion of lignification {unknown}
 e - a potion of heal wounds {unknown}
 h - a potion of curing
 i - a potion of haste
 m - a potion of degeneration {unknown}
 o - a potion of mutation {unknown}


   Skills:
 + Level 2.4 Fighting
 - Level 2.4 Dodging
 - Level 3.0 Stealth
 - Level 3.0 Spellcasting
 - Level 4.3 Summonings


You had 5 spell levels left.
You knew the following spells:

 Your Spells              Type           Power        Failure   Level
a - Summon Small Mammal   Summ           ###.         2%          1
b - Call Imp              Summ           ###.....     3%          2

Your spell library contained the following spells:

 Spells                   Type           Power        Failure   Level
 Call Canine Familiar     Summ           ###.....     7%          3
 Sting                    Tmut/Pois      #...         14%         1
 Summon Guardian Golem    Hex/Summ       ##......     17%         3
 Poisonous Vapours        Pois/Air       #.....       22%         2
 Ignite Poison            Fire/Tmut/Pois #.......     38%         3
 Mephitic Cloud           Conj/Pois/Air  #.......     38%         3
 Summon Ice Beast         Ice/Summ       ##......     50%         4
 Summon Lightning Spire   Summ/Air       ##......     50%         4
 Olgreb's Toxic Radiance  Pois           #.......     80%         4


Dungeon Overview and Level Annotations

Branches:
Dungeon (3/15)

Altars:
Hepliaklqana


Message History

Your crimson imp hits the gnoll but does no damage.
The gnoll hits your crimson imp from afar with a +0 spear.
Your crimson imp hits the gnoll.
The gnoll hits your crimson imp from afar with a +0 spear!
Your crimson imp hits the gnoll.
The gnoll closely misses your crimson imp.
Your crimson imp blinks!
The gnoll hits your crimson imp but does no damage.
Your crimson imp hits the gnoll but does no damage.
The gnoll misses your crimson imp.
Your crimson imp hits the gnoll.
Your crimson imp hits the gnoll.
Your crimson imp hits the gnoll but does no damage.
The gnoll hits you from afar with a +0 spear.
The gnoll hits you from afar with a +0 spear.
The gnoll hits you from afar with a cursed -1 halberd.
The gnoll completely misses you.
The gnoll hits you from afar with a cursed -1 halberd!
Ouch! That really hurt!
You die...

#..........##.#....
#....†.....'..#.... # ##
#..........#######. #...
#.....(....#######. ..#.
#######..........#. ....
##########.#. #... ##########
#.#.
#...##########g.......########.#.
...g......).5'g.@.....'......).).
#...#####.####g.......########.##
..........# #........# #...
##..#####.# #....|.(.# #### #..
#+# #........# #.. #........# #..
#........# #.. #........#
#........#


You could see 3 gnolls and a friendly crimson imp (summoned).

Vanquished Creatures
  A worm (D:2)
  A leopard gecko (D:2)
  2 giant cockroaches
  3 goblins
  6 hobgoblins
  4 jackals (D:2)
  A quokka (D:2)
  3 bats
  2 frilled lizards
  A kobold (D:2)
  2 rats (D:1)
26 creatures vanquished.

Vanquished Creatures (collateral kills)
  A gnoll (D:3)
  An ooze (D:1)
  2 orcs (D:3)
  A giant cockroach (D:3)
  2 goblins (D:1)
  A hobgoblin (D:1)
  2 kobolds (D:3)
  2 bats (D:1)
12 creatures vanquished.

Grand Total: 38 creatures vanquished

Notes
Turn   | Place    | Note
-------+----------+-------------------------------------------
     0 | D:1      | sahdkjhfkaj the Deep Elf Summoner began the quest for the
                  | Orb.
     0 | D:1      | Reached XP level 1. HP: 10/10 MP: 6/6
   432 | D:1      | Reached skill level 1 in Fighting
   971 | D:1      | Reached XP level 2. HP: 16/16 MP: 6/8
  2364 | D:2      | Learned a level 2 spell: Call Imp
  2610 | D:2      | Reached XP level 3. HP: 16/21 MP: 9/9
  2841 | D:2      | Found a hazy altar of Hepliaklqana.
  3807 | D:3      | Slain by a gnoll

Illustrated notes

Levels and vault maps discovered:
D:1:      minmay_arrival_four_circles, layout_loops_corners
D:2:      layout_loops_ring, lemuel_round_altar
D:3:      layout_basic

Skill      XL: |  1  2  3 |
---------------+----------+-----
Fighting       | 1 2 |  2.4
Stealth        | 3 |  3.0
Dodging        | |  2.4
Spellcasting   | |  3.0
Summonings     | |  4.3

Action                   || total
-------------------------++-------
Melee: Unarmed           ||    45
       Dagger            ||    99
 Cast: Summon Small Mamm ||     9
       Call Imp          ||     9
  Use: Potion            ||     2
       Scroll            ||     1
 Stab: Sleeping          ||     7
Armor: Robe              ||    34
Dodge: Dodged            ||   123

Table legend: (Time is in decaauts)
 A = Elapsed time spent in this place.
 B = Non-inter-level travel time spent in this place.
 C = Inter-level travel time spent in this place.
 D = Time resting spent in this place.
 E = Time spent auto-exploring this place.
 F = Levels seen in this place.
 G = Mean time per level.
                   A        B        C        D        E       F      G
               +--------+--------+--------+--------+--------+-----+--------+
         Total |   3787 |   3758 |     29 |   1507 |   1795 |   3 | 1262.3 |
       Dungeon |   3787 |   3758 |     29 |   1507 |   1795 |   3 | 1262.3 |
               +--------+--------+--------+--------+--------+-----+--------+

Top non-repeatable levels by time:
     D:1: 2145 daAuts
     D:2: 1136 daAuts
     D:3: 506 daAuts
